 Dungeon Crawl Stone Soup version 0.25-a0-447-gff83419037 (webtiles) character file.

Game seed: 17649959970942057964, levelgen mode: deterministic

0 Gargoyl the Skirmisher (level 1, 19/19 HPs)
             Began as a Centaur Abyssal Knight on Jan 31, 2020.
             Was an Initiate of Lugonu.
             Quit the game on level 1 of the Dungeon.
             The game lasted 00:01:27 (185 turns).

Gargoyl the Skirmisher (Centaur Abyssal Knight)      Turns: 185, Time: 00:01:28

Health: 19/19      AC:  5    Str: 14    XL:     1   Next: 0%
Magic:  1/2        EV:  9    Int: 11    God:    Lugonu [......]
Gold:   36         SH:  0    Dex:  8    Spells: 0/0 levels left

rFire    . . .     SeeInvis .   a - +1 hand axe
rCold    . . .     Gourm    .   (no shield)
rNeg     . . .     Faith    .   b - +1 leather armour
rPois    .         Spirit   .   (no helmet)
rElec    .         Reflect  .   (no cloak)
rCorr    +         Harm     .   (no gloves)
MR       .....                  (no barding)
Stlth    ..........             (no amulet)
HPRegen  0.00/turn              f - ring of resist corrosion
MPRegen  0.08/turn              (no ring)

@: non-regenerating, badly diseased, very quick
A: large, hooves 3, deformed body, speed 2, tough skin 3
a: Renounce Religion


You were on level 1 of the Dungeon.
You worshipped Lugonu.
Lugonu was noncommittal.
You were not hungry.

You visited 1 branch of the dungeon, and saw 1 of its levels.
You visited the Abyss 1 time.

You collected 36 gold pieces.

Inventory:

Hand Weapons
 a - a +1 hand axe (weapon)
 d - a +0 broad axe
Armour
 b - a +1 leather armour (worn)
Jewellery
 f - a ring of resist corrosion (left hand)
Wands
 e - a wand of enslavement (4)
Comestibles
 c - a ration


   Skills:
 + Level 3.0 Fighting
 + Level 1.7 Axes
 + Level 1.3 Armour
 + Level 0.6 Dodging
 + Level 2.0 Invocations


You couldn't memorise any spells.
You didn't know any spells.
Your spell library was empty.

Dungeon Overview and Level Annotations

Branches:
Dungeon (1/15)

Altars:


Innate Abilities, Weirdness & Mutations

You have hooves in place of feet.
Armour fits poorly on your strangely shaped body.
You cover ground very quickly.
You have extremely tough skin. (AC +3)


Message History

The chaos spawn hisses angrily.
You feel ill.
You pass through the gate.
You can no longer depart the Abyss at will.
Found 5 gold pieces.
There is a staircase leading out of the dungeon here.
Are you sure you want to abandon this character and quit the game? (Confirm with "yes".)
Okay, then.
Unknown command.
Are you sure you want to abandon this character and quit the game? (Confirm with "yes".)
Okay, then.
Unknown command.
Unknown command.
Unknown command.
Are you sure you want to abandon this character and quit the game? (Confirm with "yes".)
Okay, then.
Welcome back, Gargoyl the Centaur Abyssal Knight.
Lugonu says: Spread carnage and corruption!
Press ? for a list of commands and other information.
Are you sure you want to abandon this character and quit the game? (Confirm with "yes".)

#...#≈.≈#≈≈.#
#...#≈.≈#≈..#
#...#...#...#
#........$..#
#...........#
#...........#
#...........#
#.....@.....#
#...........#
#############


There were no monsters in sight!

Vanquished Creatures (others)
  4 starspawn tentacles (Abyss:5)
4 creatures vanquished.

Notes
Turn   | Place    | Note
-------+----------+-------------------------------------------
     0 | Abyss:1  | Gargoyl the Centaur Abyssal Knight began the quest for the
                  | Orb.
     0 | Abyss:1  | Reached XP level 1. HP: 19/19 MP: 2/2
    75 | Abyss:3  | Noticed a small abomination
   103 | Abyss:5  | Entered Level 5 of the Abyss
   125 | Abyss:5  | Noticed an ancient zyme
   156 | Abyss:5  | Noticed a glowing orange brain
   156 | Abyss:5  | Noticed a tentacled starspawn
   163 | Abyss:5  | Noticed an ancient zyme
   178 | Abyss:5  | Noticed a smoke demon
   180 | Abyss:5  | Noticed a chaos spawn
   184 | D:1      | Escaped the Abyss
   185 | D:1      | Quit the game

Levels and vault maps discovered:
D:1:      lightli_arrival_quake, layout_loops_corners

Action                   || total
-------------------------++-------
Invok: Depart the Abyss  ||     1
Evoke: Wand              ||     3
  Use: Scroll            ||     1
       Potion            ||     1

Table legend:
 A = Non-vault XP
 B = Vault XP
 C = Vault XP percentage of total XP
 D = Non-vault monster count
 E = Vault monster count
 F = Vault count percentage of total count
                 A         B        C        D         E       F
            +---------+---------+-------+---------+---------+-------
      Total |       0 |       0 |   N/A |       0 |       0 |  -nan
            +---------+---------+-------+---------+---------+-------
            +---------+---------+-------+---------+---------+-------
